woodfighter, lawful female human Archeologist --- ---- --.| ---..| ----..| ---- |....| |..>..| |..| ---.-------.@---- --..--- |...| ---..a-- |.....| ----#.--- |...).| --....-- ---.|...|----..)..| |.....-- |.....%---.|..)------- |..|...---..........[...| |.. --.---.(..).........)%..------.---------- ---..| |-.%..........).h%%.......#..|.....-- |....---........[...----..)-------.........- |...............[...| |.)%).| --........-- --.................-- |-....| |.........| --.....)..........| |...-##---.......---- | - - ---<......|......- |........(..............^........- |..|..--|.......| |...-------.--...------- --- ------- ---.--.-- --.-- ---|..-- ------ --- ---- woodfighter the Investigator Experience level: 6 Strength: 11 Dexterity: 11 Constitution: 12 Intelligence: 18 Wisdom: 14 Charisma: 9 Health: 0(47) Energy: 36(36) Def: 12 Gold: 56 Moves: 2840 Dungeon seed: LI7MqpkrHYDcj0ia Game ID: woodfighter_1582451848 Your Inventory: Coins $ - 56 gold pieces Weapons c - a +2 bullwhip (alternate weapon; not wielded) Armor n - an uncursed +0 fedora (being worn) q - an uncursed +0 dwarvish cloak J - a blessed greased +3 gray dragon scale mail (being worn) Comestibles b - 6 uncursed food rations z - 2 uncursed magic beans A - an uncursed fortune cookie Scrolls x - an uncursed scroll of scare monster D - an uncursed scroll of confuse monster Tools a - a +0 pick-axe (weapon in hand) o - an uncursed stethoscope v - a cursed brass lantern (0:1057) I - a blessed oil lamp (0:803) Gems e - an uncursed worthless piece of violet glass r - an uncursed worthless piece of green glass Spells and supernatural/magical abilities: Name Level Category Fail Memory W - pray for help -- divine ? -- Your skills at the end: Miscellaneous Skills wands [Basic] Weapon Skills pick-axe [Skilled] whip [Basic] Spellcasting Skills Final Attributes: You were fervently aligned. You were magic-protected. You were very stealthy. You were fast. Quetzalcoatl was angry with you. You are dead. Vanquished creatures: a ghost a large mimic 8 Uruk-hai a fog cloud 4 gnome lords 2 gnomish wizards a guardian naga hatchling 3 giant ants a kitten 2 dwarves 2 iguanas a hill orc 2 rothes 2 rabid rats a giant bat 3 wererats a gas spore a large kobold 4 geckos 2 giant rats 11 gnomes 10 garter snakes 7 jackals 5 newts 3 goblins 3 sewer rats 3 bats 5 lichens 90 creatures vanquished. Voluntary challenges: You did not adorn yourself with jewelry or accessories. You did not cause conflict. You were not invisible. You did not have reflection. You were not displaced. You used a wielded weapon 233 times, starting on turn 32. You did not apply a unicorn horn. You did not use plumbed fixtures. You did not drink any magical draughts. You were illiterate. You never genocided any monsters. You never polymorphed an object. You changed form 1 time, starting on turn 2763. You used 1 wish, starting on turn 1049. You did not wish for any artifacts. You never split a pudding. You never wrote Elbereth's name. You never violated your personal moral code. Dungeon overview: The Dungeons of Doom: levels 1 to 6 Level 1 a long staircase Level 2 (box) a general store, some fountains Level 3 a weapon shop Level 4 a fountain stairs to The Gnomish Mines Level 5 (vault) a general store Level 6 The Gnomish Mines: levels 5 to 7 Level 5 stairs to The Dungeons of Doom Level 6 <- You were here Level 7 History has recorded: On T:1 you entered the Dungeons of Doom to retrieve the Amulet of Yendor! On T:27 you reached level 2 of The Dungeons of Doom. On T:283 you reached level 3 of The Dungeons of Doom. On T:292 you advanced to experience level 2. On T:501 you advanced to experience level 3. On T:531 you advanced to experience level 4. On T:700 you reached level 4 of The Dungeons of Doom. On T:864 you prayed to Quetzalcoatl. On T:929 you reached level 1 of The Gnomish Mines. On T:939 you advanced to experience level 5. On T:1027 you reached level 2 of The Gnomish Mines. On T:1049 you wished for "+3 blessed fixed greased gray dragon scale mail". On T:1071 you prayed to Quetzalcoatl. On T:1482 you reached level 5 of The Dungeons of Doom. On T:1856 you reached level 6 of The Dungeons of Doom. On T:1923 you advanced to experience level 6. On T:2834 you reached level 3 of The Gnomish Mines. On T:2840 you prayed to Quetzalcoatl. Score breakdown: Gold: 56 ( 5 points) Experience: 6 levels ( 500 points) Exploration: 7 levels ( 180 points) Discoveries: 10 items ( 500 points) Variety of kills: 28 monsters ( 1400 points) Major goal: (nothing yet) ( 0 points) Survival: died (score multiplied by 3) Total score: 7755 Latest messages: q - a hooded cloak. There are several more objects here. The gnome swings her thonged club at you. The gnome hits you! You kill the gnome! There are a few objects here. r - a green gem. You stop exploring. (2x) You have no ammunition readied! E - 3 daggers (in quiver). You fill your quiver: E - 3 daggers (in quiver). The dagger misses the fire ant. The dagger hits the fire ant. (2x) You hit the fire ant. The fire ant bites! The fire ant misses. You begin praying to Quetzalcoatl. The fire ant misses. The fire ant bites! You're on fire! You die... Final status: Goodbye woodfighter the Archeologist, killed by a fire ant, while praying... You died in The Gnomish Mines on dungeon level 6 with 7755 points, and 56 pieces of gold, after 2840 moves. You were level 6 with a maximum of 47 hit points when you died.